AoeStats
← ITA | Raffy

African Clearing

504725228Analyzed
4v4 RM · 26d ago on Sep 6, 2026· 68m 55s· 8 players
Game mode
Random Map
Map size
Large (8 player)
Population
200
Speed
Normal
Resources
Standard
Victory
Conquest
Starting age
Dark Age
Ending age
Imperial Age
RankedLock teamsTeams togetherTeam positionsShared explorationLock speedFull tech treeHidden civsTurbo modeCheats
Victory
Defeat
🇯🇵 Spanish · Japan
1401
+14
🇨🇳 Franks · China
1353
+16
🇸🇪 Mongols · Sweden
1302
+18
🇮🇹 Berbers · Italy
1289
+20
1390
-18
🇨🇳 Georgians · China
1377
-18
🇹🇭 Ethiopians · Thailand
1346
-17
1318
-15
WiSeMaN
4:38 Loom
14:26 Feudal Age
14:54 Feudal Age
15:46 Double-Bit Axe
21:06 Castle Age
19:17 Scale Mail Armor
19:06 Horse Collar
21:20 Forging
22:10 Chain Mail Armor
21:59 Squires
23:04 Padded Archer Armor
25:32 Wheelbarrow
25:55 Bow Saw
28:52 Town Watch
30:05 Heavy Plow
29:53 Crossbowman
31:24 Thumb Ring
31:26 Fletching
33:41 Iron Casting
34:11 Leather Archer Armor
36:06 Hand Cart
39:23 Bodkin Arrow
44:36 Imperial Age
42:37 Man-at-Arms
43:20 Husbandry
42:42 Light Cavalry
45:52 Halberdier
47:33 Plate Mail Armor
46:38 Hussar
49:17 Two-Man Saw
55:46 Onager
58:26 Blast Furnace
57:29 Siege Onager
58:30 Capped Ram
61:07 Conscription
60:27 Siege Ram
62:42 Torsion Engines
64:37 Elite Skirmisher
66:01 Ring Archer Armor
66:38 Imperial Skirmisher
68:00 Bracer
68:05 Scale Barding Armor
[KoM] Sir Djemba Djemba
12:26 Feudal Age
12:30 Man-at-Arms
15:22 Fletching
16:30 Horse Collar
16:43 Double-Bit Axe
17:13 Loom
20:07 Gold Mining
20:54 Horse Collar
21:36 Padded Archer Armor
24:48 Wheelbarrow
27:06 Castle Age
26:53 Stone Mining
27:11 Crossbowman
27:48 Bodkin Arrow
28:34 Bow Saw
28:45 Thumb Ring
35:44 Ballistics
40:17 Heavy Plow
41:15 Hand Cart
40:48 Town Watch
41:54 Leather Archer Armor
45:55 Imperial Age
44:30 Elite Skirmisher
46:43 Bracer
46:31 Arbalester
47:05 Pikeman
49:08 Chemistry
48:20 Scale Mail Armor
48:30 Forging
48:52 Halberdier
50:11 Chain Mail Armor
50:28 Ring Archer Armor
50:02 Squires
51:20 Iron Casting
51:21 Plate Mail Armor
51:30 Iron Casting
55:28 Imperial Skirmisher
55:34 Imperial Skirmisher
61:50 Arson
65:45 Caravan
66:10 Scale Barding Armor
68:43 Coinage
69:30 Crop Rotation
灯窝森曾瑞卜药方松滴
12:56 Feudal Age
14:39 Loom
17:32 Castle Age
15:43 Double-Bit Axe
18:17 Fletching
18:50 Bow Saw
25:48 Horse Collar
32:39 Wheelbarrow
36:08 Imperial Age
36:12 Thumb Ring
36:40 Husbandry
36:38 Bodkin Arrow
36:39 Gold Mining
37:23 Heavy Cavalry Archer
38:14 Bracer
38:47 Ballistics
39:31 Chemistry
41:28 Coinage
42:50 Hand Cart
42:20 Town Watch
44:48 Elite Skirmisher
45:42 Eupseong
45:38 Arrowslits
45:50 Murder Holes
46:04 Stone Mining
46:49 Gold Shaft Mining
47:34 Conscription
47:16 Eupseong
47:39 Conscription
47:04 Treadmill Crane
49:05 Two-Man Saw
48:24 Imperial Skirmisher
60:24 Masonry
Elite Noob
4:57 Loom
13:39 Feudal Age
17:42 Castle Age
28:04 Fletching
28:15 Double-Bit Axe
34:12 Wheelbarrow
35:02 Guard Tower
36:38 Svan Towers
36:50 Bodkin Arrow
41:35 Treadmill Crane
55:24 Imperial Age
53:11 Hand Cart
55:06 Scale Mail Armor
55:17 Forging
55:29 Pikeman
56:10 Squires
56:15 Bracer
57:38 Keep
56:48 Arrowslits
58:04 Chemistry
57:25 Ballistics
58:05 Chain Mail Armor
58:26 Iron Casting
57:16 Halberdier
59:00 Bow Saw
59:32 Plate Mail Armor
60:32 Masonry
63:34 Architecture
ikaros
9:41 Loom
11:37 Feudal Age
12:24 Double-Bit Axe
20:33 Castle Age
23:26 Fletching
25:35 Horse Collar
26:50 Bodkin Arrow
27:27 Padded Archer Armor
28:59 Husbandry
30:59 Gold Mining
32:04 Bloodlines
38:24 Imperial Age
36:31 Wheelbarrow
35:42 Town Watch
38:19 Leather Archer Armor
39:10 Bracer
40:12 Chemistry
39:42 Conscription
40:16 Ballistics
40:50 Light Cavalry
42:07 Scale Barding Armor
42:26 Thumb Ring
43:09 Hussar
44:38 Chain Barding Armor
46:26 Forging
48:21 Iron Casting
50:29 Blast Furnace
49:50 Elite Mangudai
58:25 Gold Shaft Mining
59:29 Hand Cart
59:14 Town Patrol
60:01 Siege Engineers
297539664
12:50 Feudal Age
20:01 Castle Age
18:27 Double-Bit Axe
27:16 Scale Barding Armor
30:29 Wheelbarrow
31:23 Chain Barding Armor
31:41 Forging
31:48 Husbandry
32:41 Gold Mining
34:41 Iron Casting
34:21 Hand Cart
35:13 Gold Shaft Mining
40:31 Imperial Age
41:24 Cavalier
42:40 Plate Barding Armor
43:06 Blast Furnace
42:52 Paladin
45:03 Heavy Scorpion
47:13 Chivalry
47:34 Conscription
54:01 Ballistics
54:42 Chemistry
55:41 Light Cavalry
59:06 Siege Engineers
60:58 Caravan
68:17 Pikeman
68:58 Squires
68:43 Arson
69:00 Scale Mail Armor
PeterWong1988
4:31 Loom
14:36 Feudal Age
18:53 Castle Age
29:12 Ballistics
44:50 Double-Bit Axe
47:27 Bow Saw
47:00 Horse Collar
49:27 Elite Skirmisher
50:42 Heavy Plow
54:59 Imperial Age
55:07 Imperial Age
53:18 Wheelbarrow
52:45 Gold Mining
53:14 Husbandry
53:25 Bloodlines
54:41 Hand Cart
55:04 Stone Mining
55:29 Cavalier
59:10 Forging
59:06 Scale Barding Armor
60:57 Paladin
63:05 Two-Man Saw
63:04 Iron Casting
62:50 Chain Barding Armor
65:08 Blast Furnace
65:41 Plate Barding Armor
ITA | Raffy
3:38 Loom
14:21 Feudal Age
18:20 Castle Age
16:19 Double-Bit Axe
16:46 Horse Collar
18:19 Fletching
19:37 Bodkin Arrow
31:19 Stone Mining
31:19 Gold Mining
37:52 Imperial Age
37:30 Bow Saw
38:52 Wheelbarrow
40:46 Padded Archer Armor
41:37 Bracer
42:31 Bloodlines
42:48 Leather Archer Armor
43:44 Gold Shaft Mining
43:58 Thumb Ring
44:47 Elite Camel Archer
45:57 Conscription
46:43 Husbandry
47:09 Ballistics
48:34 Stone Shaft Mining
48:44 Ring Archer Armor
49:49 Treadmill Crane
50:20 Masonry
51:35 Cavalier
52:25 Scale Barding Armor
52:30 Forging
53:37 Chain Barding Armor
55:31 Plate Barding Armor
58:03 Iron Casting
58:37 Light Cavalry
61:43 Maghrebi Camels
Connection lost

Rejoining the realm…

Still unreachable

The connection could not be restored.

Session expired

The server has moved on; the page needs a fresh start.